 Dungeon Crawl Stone Soup version 0.28.0-1-gb440e238dd (webtiles) character file.

Game seed: 4142843149611364318

0 issech the Cudgeller (level 1, 0/22 HPs)
             Began as a Troll Monk on Feb 26, 2022.
             Slain by a gnoll (5 damage)
             ... on level 1 of the Dungeon.
             The game lasted 00:00:23 (54 turns).

issech the Cudgeller (Troll Monk)                     Turns: 54, Time: 00:00:28

Health: 0/22       AC:  4    Str: 18    XL:     1   Next: 8%
Magic:  0/0        EV: 10    Int:  6    God:
Gold:   20         SH:  0    Dex: 12    Spells: 0/0 levels left

rFire   . . .      SeeInvis .   a - +0 mace
rCold   . . .      Faith    .   (no shield)
rNeg    . . .      Spirit   .   b - +0 robe
rPois   .          Reflect  .   (helmet restricted)
rElec   .          Harm     .   (no cloak)
rCorr   .          Rampage  .   (gloves unavailable)
Will    .....                   (boots unavailable)
Stlth   ++........              (no amulet)
HPRegen 0.87/turn               (no ring)
MPRegen 0.07/turn               (no ring)

@: no status effects
A: large, unfitting armour, claws 3, regeneration 1, shaggy fur 1, tough skin 1
a: no special abilities


You were on level 1 of the Dungeon.
You visited 1 branch of the dungeon, and saw 1 of its levels.

You collected 20 gold pieces.

Inventory:

Hand Weapons
 a - a +0 mace (weapon)
Missiles
 d - 17 stones (quivered)
Armour
 b - a +0 robe (worn)
Potions
 c - a potion of invisibility {unknown}
 e - a potion of degeneration {unknown}


   Skills:
 + Level 2.4 Fighting
 + Level 2.7 Maces & Flails
 + Level 2.4 Dodging
 + Level 1.0 Stealth


You couldn't memorise any spells.
You didn't know any spells.
Your spell library was empty.

Dungeon Overview and Level Annotations

Branches:
Dungeon (1/15)

Altars:


Innate Abilities, Weirdness & Mutations

You are too large for most types of armour.
You have claws for hands.
Your natural rate of healing is unusually fast.
You are covered in fur. (AC +1)
You have tough skin. (AC +1)


Message History

Found a staircase leading out of the dungeon.
You now have 8 gold pieces.
Found a stone staircase leading down.
c - an emerald potion
d - 17 stones You now have 20 gold pieces (gained 12).
e - an amethyst potion A rat comes into view.
Found a robe.
A hobgoblin and a quokka come into view.
A gnoll comes into view. It is wielding a +0 spear.
The gnoll shouts!
The rat barely misses you. The rat closely misses you.
You sock the rat!
You kill the rat!
The hobgoblin hits you.
You barely miss the hobgoblin. The hobgoblin hits you.
You barely miss the hobgoblin. The hobgoblin barely misses you.
You barely miss the hobgoblin. You claw the hobgoblin.
The hobgoblin is moderately wounded.
The gnoll hits you from afar with a +0 spear.
The hobgoblin hits you.
A ball python comes into view.
The gnoll hits you from afar with a +0 spear.
The hobgoblin completely misses you.
You closely miss the hobgoblin.
The hobgoblin is moderately wounded.
The gnoll closely misses you. The hobgoblin hits you.
You barely miss the hobgoblin.
The hobgoblin is moderately wounded.
The gnoll barely misses you.
The hobgoblin hits you but does no damage.
You hit the hobgoblin but do no damage.
The hobgoblin is moderately wounded.
The gnoll hits you from afar with a +0 spear.
The hobgoblin hits you.
* * * LOW HITPOINT WARNING * * *
The gnoll hits you from afar with a +0 spear.
You die...

### . #...###.# # #.
#.#.#...# #.#.##.#...#.#
######### #......#.#.#[#
#.......# ...#..#.#.#.#
#.......#
..r....#.#.####.......#
..#.##..S#.....##.......#
........gg@.....#.......#
.r#..#...#...#.....##+###
... #.#.#.#.##.#####.# .
#.#.#.#..........# ..
#.#.#.###...###### ...
#.#.#.###.### #.#
#.#.#.....#
>....#.......# #.#
###.###.###


You could see a gnoll, a quokka, a hobgoblin and a ball python.

Vanquished Creatures
  A rat (D:1)
1 creature vanquished.

Notes
Turn   | Place    | Note
-------+----------+-------------------------------------------
     0 | D:1      | issech the Troll Monk began the quest for the Orb.
     0 | D:1      | Reached XP level 1. HP: 22/22 MP: 0/0
    54 | D:1      | Slain by a gnoll

Illustrated notes

Levels and vault maps discovered:
D:1:      minmay_arrival_diagonal_passages, layout_basic

Action                   || total
-------------------------++-------
Melee: Mace              ||     7
       Punch             ||     1
Armor: Robe              ||     1
Dodge: Dodged            ||     6
